Cogmind - Beta 13 @@@ ROGUE MODE // 2024.04.22 @ 13:02:52 Player: A Moose Result: Destroyed by X-62 Marksman with Gauss Rifle Performance ------------- Evolutions (3) 1500 Regions Visited (7) 1400 Robots Destroyed (39) 195 Value Destroyed (1129) 1129 Prototype IDs (4) 80 Alien Tech Used (0) 0 Bonus (807) 807 TOTAL SCORE: 5111 Bonus ------- Follower Combat Kills 7 Entered DSFs 500 Aligned with FarCom 300 Cogmind --------- Core Integrity 0/700 Matter 146/300 Energy 82/100 System Corruption 0% Temperature Cool (3) Movement Flying (35) Location -7/DSF Parts ------- > --- POWER (1) -------- (None) > --- PROPULSION (2) --- Cesium-ion Thruster > --- UTILITY (7) ------ Hacking Suite > --- WEAPON (3) ------- (None) > --- INVENTORY (5) ---- Cesium-ion Thruster Small Storage Unit Firepult Heavy Pick Peak State ------------ > --- POWER ------------ Light Deuterium Engine > --- PROPULSION ------- Compact Wheel > --- UTILITY ---------- Improved Heat Sink Large Storage Unit Improved Sensor Array Terrain Scanner Improved Utility Shielding Light Armor Plating Hacking Suite > --- WEAPON ----------- Heavy Particle Cannon Assault Cannon Heavy Pick > --- INVENTORY -------- Light Nuclear Core Wheel Wheel Compact Wheel Small Storage Unit Large Battery Medium Matter Pod Large Matter Pod Firepult Grenade Launcher [Rating: 33] Favorites ----------- Power Light Ion Engine Engine Light Ion Engine Power Core Light Nuclear Core Propulsion Compact Wheel Wheel Compact Wheel Flight Unit Cesium-ion Thruster Utility Large Storage Unit Device Terrain Scanner Storage Large Storage Unit Processor Terrain Scan Processor Hackware Hacking Suite Protection Medium Armor Plating Weapon Assault Rifle Energy Cannon Heavy Particle Cannon Ballistic Gun Assault Rifle Ballistic Cannon Assault Cannon Launcher Grenade Launcher Impact Weapon Mace Piercing Weapon Heavy Pick Build | -11 -10 -10 -10 -9 -8 -7 -7 ------- Run | Yrd Mat Min Exi Min Mat Fac DSF Slots Evolved 6 | . . . . . 4 2 . Power . | . . . . . . . . Propulsion . | . . . . . . . . Utility 5 | . . . . . 3 2 . Weapon 1 | . . . . . 1 . . Parts Attached 46 | 6 4 . 5 1 15 2 13 Power 6 | 1 1 . . 1 1 . 2 Engine 5 | 1 1 . . 1 1 . 1 Core 1 | . . . . . . . 1 Reactor . | . . . . . . . . Propulsion 10 | 2 . . 1 . 1 . 6 Treads . | . . . . . . . . Leg . | . . . . . . . . Wheel 8 | 2 . . 1 . 1 . 4 Hover . | . . . . . . . . Flight 2 | . . . . . . . 2 Utility 12 | 1 . . 1 . 7 2 1 Device 3 | . . . . . 3 . . Storage 2 | 1 . . 1 . . . . Processor 1 | . . . . . 1 . . Hackware 1 | . . . . . . 1 . Protection 5 | . . . . . 3 1 1 Artifact . | . . . . . . . . Weapon 18 | 2 3 . 3 . 6 . 4 Energy Gun . | . . . . . . . . Energy Cannon 3 | . . . 1 . . . 2 Ballistic Gun 7 | 2 2 . 2 . 1 . . Ballistic Cannon 3 | . . . . . 3 . . Launcher 3 | . . . . . 2 . 1 Special Weapon . | . . . . . . . . Impact Weapon 1 | . 1 . . . . . . Slashing Weapon . | . . . . . . . . Piercing Weapon 1 | . . . . . . . 1 Special Melee Weapon . | . . . . . . . . Unidentified Prototypes 2 | . . . 2 . . . . Parts Lost 25 | . 1 . . 1 3 . 20 Power 5 | . 1 . . 1 . . 3 Propulsion 7 | . . . . . . . 7 Utility 7 | . . . . . 1 . 6 Weapon 6 | . . . . . 2 . 4 Highest Loss Streak 19 | . 1 . . 1 2 . 19 To Critical Strikes . | . . . . . . . . Average Slot Usage (%) 86 | . 84 85 85 85 92 87 74 Engine 10 | . 13 14 14 14 9 7 3 Wheel 22 | . 28 28 28 28 18 15 10 Device 9 | . . . . . 18 23 18 Storage 11 | . 14 14 14 14 9 7 6 Processor 1 | . . . . . 3 . . Hackware 1 | . . . . . . 5 7 Protection 4 | . . . . . 8 12 10 Ballistic Gun 18 | . 25 28 28 28 14 . . Ballistic Cannon 4 | . . . . . 9 15 8 Naked Turns . | . . . . . . . . Heaviest Build 54 | 11 12 12 27 29 48 48 54 Greatest Support 32 | 26 26 26 26 26 32 32 32 Greatest Overweight (x) 11 | . . . 1 1 1 1 11 Average Overweight (x) . | . . . . 1 1 1 1 Largest Inventory Capacity 15 | 8 8 8 15 15 15 15 15 Average Capacity 12 | 7 8 8 9 15 15 15 13 Most Carried 15 | 4 8 8 11 11 15 14 14 Average Carried 10 | 2 6 8 8 10 13 12 10 Final Capacity 15 | 8 8 8 15 15 15 15 5 Final Carried 14 | 4 8 8 11 10 14 12 5 Class Distribution -------------------- 58% | Mutant 27% | Skirmisher 14% | Scavenger-Skirmisher Dominant Class ---------------- Mutant | -10/Materials Mutant | -10/Mines Mutant | -10/Exiles Mutant | -9/Mines Skirmisher | -8/Materials Skirmisher | -7/Factory Skirmisher | -7/DSF Resources | -11 -10 -10 -10 -9 -8 -7 -7 ----------- Run | Yrd Mat Min Exi Min Mat Fac DSF Matter Collected 1333 | 216 234 . 164 41 517 . 161 Remotely . | . . . . . . . . Salvage Created 974 | 24 333 . . 40 457 . 120 Parts 60 | 5 27 . . 2 25 . 1 Haulers Intercepted . | . . . . . . . . Recyclers Shooed 1 | 1 . . . . . . . Parts Field Recycled . | . . . . . . . . Retrieved Matter . | . . . . . . . . Parts Self-Destructed . | . . . . . . . . Prevented . | . . . . . . . . Kills | -11 -10 -10 -10 -9 -8 -7 -7 ------- Run | Yrd Mat Min Exi Min Mat Fac DSF Combat Hostiles Destroyed 32 | . 11 . . 3 14 . 4 Guns 20 | . 10 . . 3 7 . . Cannons 6 | . . . . . 6 . . AOE 6 | . 1 . . . 1 . 4 Classes Destroyed 9 | 1 4 . . . 3 . 1 Tunneler 3 | 2 1 . . . . . . Operator 1 | . 1 . . . . . . Watcher 3 | . 1 . . . 2 . . Swarmer 12 | . 6 . . 3 3 . . Grunt 14 | . 5 . . . 6 . 3 Brawler 1 | . . . . . 1 . . Sentry 3 | . . . . . 3 . . Specialist 1 | . . . . . . . 1 Hunter 1 | . . . . . 1 . . Best Kill Streak 7 | 1 7 . . 3 4 . 4 Combat Bots Only 7 | . 7 . . 3 3 . 4 Max Kills in Single Turn 2 | 1 1 . . 1 2 . 2 Gunslinging . | . . . . . . . . Exploded 2 | . 1 . . . 1 . 2 Melee . | . . . . . . . . Uniques/NPCs Destroyed . | . . . . . . . . Combat | -11 -10 -10 -10 -9 -8 -7 -7 -------- Run | Yrd Mat Min Exi Min Mat Fac DSF Hostile Shots Fired 306 | . 61 . . 18 93 . 134 Missed 99 | . 27 . . 2 30 . 40 Damage Taken 3177 | . 324 . . 136 800 . 1917 Core 887 | . 89 . . 18 66 . 714 Absorbed by Shields 110 | . . . . . . . 110 Redirected to Shielding 101 | . . . . . . . 101 Core Remaining (%) 81 | 100 . . . 57 88 . . Volleys Fired 110 | 8 36 . . 6 52 . 8 Largest 3 | 2 2 . . 2 3 . 3 Hottest 163 | 40 40 . . 40 108 . 163 Shots Fired 242 | 16 63 . . 12 137 . 14 Gun 163 | 16 63 . . 12 72 . . Cannon 71 | . . . . . 61 . 10 Launcher 8 | . . . . . 4 . 4 Special . | . . . . . . . . Kinetic 230 | 16 63 . . 12 133 . 6 Thermal 4 | . . . . . . . 4 Explosive 8 | . . . . . 4 . 4 Electromagnetic . | . . . . . . . . Robot Hit Streak 8 | 6 5 . . 4 8 . 3 Robot Miss Streak 5 | 1 5 . . 1 5 . 3 Penetration Max . | . . . . . . . . Secondary Targets 4 | . 3 . . 1 . . . Max Gunslinging Chain 1 | . 1 . . 1 . . . Shots Hit Robots 130 | 12 31 . . 8 74 . 5 Core Hits 69 | 3 18 . . 3 33 . 12 Critical Kills 2 | . 1 . . . 1 . . Critical Parts Destroyed 1 | . . . . . 1 . . Critical Strikes 7 | . 1 . . . 6 . . Destroy 3 | . 1 . . . 2 . . Blast 4 | . . . . . 4 . . Melee Attacks 1 | . 1 . . . . . . Impact 1 | . 1 . . . . . . Slashing . | . . . . . . . . Piercing . | . . . . . . . . Sneak Attacks 1 | . 1 . . . . . . Combat Hostiles . | . . . . . . . . Follow-up Attacks . | . . . . . . . . Damage Inflicted 2884 | 126 404 . . 120 1763 . 471 Guns 1100 | 126 361 . . 120 493 . . Cannons 1087 | . . . . . 986 . 101 Explosions 654 | . . . . . 284 . 370 Melee 43 | . 43 . . . . . . Ramming . | . . . . . . . . Kinetic 2137 | 126 361 . . 120 1479 . 51 Thermal 50 | . . . . . . . 50 Explosive 654 | . . . . . 284 . 370 Electromagnetic . | . . . . . . . . Impact 43 | . 43 . . . . . . Slashing . | . . . . . . . . Piercing . | . . . . . . . . Highest Corruption . | . . . . . . . . Average Corruption . | . . . . . . . . Corruption Purged . | . . . . . . . . Corruption Blocked . | . . . . . . . . Overload Shots . | . . . . . . . . Overflow Damage 28 | . 3 . . . 25 . . Projectiles 25 | . . . . . 25 . . Explosions . | . . . . . . . . Melee 3 | . 3 . . . . . . Knockbacks 8 | . 1 . . . 7 . . Impact 1 | . 1 . . . . . . Kinetic 7 | . . . . . 7 . . Secondary . | . . . . . . . . Self-Inflicted Damage 4 | . . . . . 4 . . Shots 1 | . . . . . 1 . . Rammed . | . . . . . . . . Targets Rammed . | . . . . . . . . Kicked . | . . . . . . . . Crushed . | . . . . . . . . Highest Temperature 63 | . 24 . . . 63 . . Average Temperature 17 | . 13 . . . 18 . . Received Heat Transfer 756 | . 114 . . . 414 . 228 Siege Activations . | . . . . . . . . Robots Corrupted . | . . . . . . . . Combat Hostiles . | . . . . . . . . Parts Fried 3 | . 3 . . . . . . Impact Corruptions 1 | . 1 . . . . . . Robots Melted . | . . . . . . . . Combat Hostiles . | . . . . . . . . Parts Melted 1 | . . . . . 1 . . Heat Transferred 74 | . . . . . . . 74 Parts Sabotaged . | . . . . . . . . Parts Stolen . | . . . . . . . . Parts Stripped . | . . . . . . . . Power Chain Reactions . | . . . . . . . . Alert | -11 -10 -10 -10 -9 -8 -7 -7 ------- Run | Yrd Mat Min Exi Min Mat Fac DSF Peak Influence 345 | 10 345 56 . 60 303 133 146 Initial 119 | . 6 56 . . 23 119 95 Average 137 | 3 224 56 . 42 158 122 94 Maximum Alert Level 1 | . 1 . . . 1 . . Low Security (%) 70 | 100 31 100 . 100 62 100 100 Level 1 29 | . 68 . . . 37 . . Level 2 . | . . . . . . . . Level 3 . | . . . . . . . . Level 4 . | . . . . . . . . Level 5 . | . . . . . . . . High Security . | . . . . . . . . Max Security . | . . . . . . . . Squads Dispatched 7 | . 3 . . . 1 2 1 Investigation 3 | . 1 . . . . 2 . Extermination . | . . . . . . . . Reinforcement 4 | . 2 . . . 1 . 1 Assault . | . . . . . . . . Garrison . | . . . . . . . . Intercept . | . . . . . . . . Searches Triggered . | . . . . . . . . Construction Impeded . | . . . . . . . . Haulers Reinforced . | . . . . . . . . Active Scanning Responses . | . . . . . . . . Cargo Convoy Interrupts . | . . . . . . . . Stealth | -11 -10 -10 -10 -9 -8 -7 -7 --------- Run | Yrd Mat Min Exi Min Mat Fac DSF Distress Signals . | . . . . . . . . Communications Jammed . | . . . . . . . . Distress Signals . | . . . . . . . . Times Spotted 54 | . 20 . . 3 20 . 11 Peak Tracking Total 7 | . 7 . . 3 4 . 6 Tactical Retreats 3 | . . . . . 1 . 2 Traps | -11 -10 -10 -10 -9 -8 -7 -7 ------- Run | Yrd Mat Min Exi Min Mat Fac DSF Traps Triggered 4 | . 1 . . . . . 3 Indirectly . | . . . . . . . . Trap Hack Attempts . | . . . . . . . . Triggered . | . . . . . . . . Disarmed . | . . . . . . . . Reprogrammed . | . . . . . . . . Reused . | . . . . . . . . Traps Extracted . | . . . . . . . . Installed . | . . . . . . . . Triggered . | . . . . . . . . Machines | -11 -10 -10 -10 -9 -8 -7 -7 ---------- Run | Yrd Mat Min Exi Min Mat Fac DSF Machines Disabled 2 | . 1 . . . 1 . . Max in Single Turn 1 | . 1 . . . 1 . . Machines Repaired . | . . . . . . . . Machines Dismantled . | . . . . . . . . Machines Sabotaged . | . . . . . . . . Overloaded Fab Kills . | . . . . . . . . Hacking | -11 -10 -10 -10 -9 -8 -7 -7 --------- Run | Yrd Mat Min Exi Min Mat Fac DSF Machines Accessed 12 | . 6 . . . 3 3 . Terminals 10 | . 5 . . . 3 2 . Fabricators 1 | . . . . . . 1 . Repair Stations . | . . . . . . . . Recycling Units 1 | . 1 . . . . . . Scanalyzers . | . . . . . . . . Garrison Access . | . . . . . . . . Total Hacks 30 | . 11 . . . 11 8 . Successful 10 | . 5 . . . 3 2 . Failed 20 | . 6 . . . 8 6 . Catastrophic 2 | . 1 . . . 1 . . Database Lockouts . | . . . . . . . . Manual 2 | . 1 . 1 . . . . Terminals 26 | . 10 . . . 11 5 . Fabricators 3 | . . . . . . 3 . Repair Stations . | . . . . . . . . Recycling Units 1 | . 1 . . . . . . Scanalyzers . | . . . . . . . . Garrison Access . | . . . . . . . . Terminal Hacks 9 | . 4 . . . 3 2 . Prototype ID Bank 1 | . . . . . 1 . . Open DSF 1 | . . . . . . 1 . Branch Access Points 1 | . . . . . . 1 . Locate Traps 2 | . 1 . . . 1 . . Patrol Status 1 | . 1 . . . . . . Registered Components 1 | . 1 . . . . . . Zone Layout 2 | . 1 . . . 1 . . Fabricator Hacks . | . . . . . . . . Repair Station Hacks . | . . . . . . . . Recycling Unit Hacks 1 | . 1 . . . . . . Report Inventory 1 | . 1 . . . . . . Scanalyzer . | . . . . . . . . Garrison Access Hacks . | . . . . . . . . Unauthorized Hacks . | . . . . . . . . Terminals . | . . . . . . . . Fabricators . | . . . . . . . . Repair Stations . | . . . . . . . . Recycling Units . | . . . . . . . . Scanalyzers . | . . . . . . . . Garrison Access . | . . . . . . . . Data Cores Recovered . | . . . . . . . . Used . | . . . . . . . . Hacking Detections 9 | . 3 . . . 3 3 . Full Trace Events 3 | . . . . . 1 2 . Feedback Events . | . . . . . . . . Feedback Blocked . | . . . . . . . . Robot Schematics Acquired . | . . . . . . . . Robots Built . | . . . . . . . . Authchips . | . . . . . . . . Time . | . . . . . . . . Total Robot Build Rating . | . . . . . . . . Part Schematics Acquired . | . . . . . . . . Parts Built . | . . . . . . . . Authchips . | . . . . . . . . Time . | . . . . . . . . Total Part Build Rating . | . . . . . . . . Parts Repaired . | . . . . . . . . Time . | . . . . . . . . Parts Recycled . | . . . . . . . . Recycled Matter . | . . . . . . . . Retrieved Matter . | . . . . . . . . Retrieved Components . | . . . . . . . . Parts Scanalyzed . | . . . . . . . . Part Schematics Acquired . | . . . . . . . . Parts Damaged . | . . . . . . . . Bothacking | -11 -10 -10 -10 -9 -8 -7 -7 ------------ Run | Yrd Mat Min Exi Min Mat Fac DSF Used RIF Installer . | . . . . . . . . Robots Hacked . | . . . . . . . . Non-combat . | . . . . . . . . Combat . | . . . . . . . . Robot Hacks Applied . | . . . . . . . . Relay Couplers Released . | . . . . . . . . Fabnet Peak Effective % . | . . . . . . . . Robots Rewired . | . . . . . . . . Allies Hacked . | . . . . . . . . Hacks Repelled . | . . . . . . . . Allies | -11 -10 -10 -10 -9 -8 -7 -7 -------- Run | Yrd Mat Min Exi Min Mat Fac DSF Total Allies 2 | . . . . 2 . . . Largest Group 2 | . . . . 2 2 . . Highest-Rated Group 43 | . . . . 43 43 . . Highest-Rated Ally 31 | . . . . 31 31 . . Total Orders . | . . . . . . . . Ally Attacks 8 | . . . . . 8 . . Total Damage 125 | . . . . . 125 . . Kills 1 | . . . . . 1 . . Allies Corrupted . | . . . . . . . . Allies Melted . | . . . . . . . . Intel | -11 -10 -10 -10 -9 -8 -7 -7 ------- Run | Yrd Mat Min Exi Min Mat Fac DSF Robot Analysis Total . | . . . . . . . . Derelict Logs Recovered 1 | . . . . 1 . . . Drone Launches . | . . . . . . . . Drone Recoveries . | . . . . . . . . Exploration | -11 -10 -10 -10 -9 -8 -7 -7 ------------- Run | Yrd Mat Min Exi Min Mat Fac DSF Turns Passed 2052 | 72 415 19 265 298 653 144 186 Spaces Moved 1532 | 39 332 21 270 253 371 124 122 Core 8 | 4 . . . . . . 4 Treads . | . . . . . . . . Legs . | . . . . . . . . Wheels 1516 | 35 332 21 270 253 371 124 110 Hover . | . . . . . . . . Flight 8 | . . . . . . . 8 Fastest Speed 32 | 50 90 90 90 105 105 115 32 Average Speed 101 | 85 90 90 93 105 109 115 110 Slowest Speed 500 | 90 90 90 105 105 115 115 500 Overloaded Moves . | . . . . . . . . Propulsion Burnouts . | . . . . . . . . Robots Hopped . | . . . . . . . . Cave-ins Triggered . | . . . . . . . . Time Travels 1 | . . . 1 . . . . Exploration Rate (%) 40 | 5 67 6 60 55 36 4 89 Regions Visited 7 Branch Regions 3 Pre-discovered Areas . | . . . . . . . . Known Exits Taken 1 | . . . . . . 1 . Unknown Exits Taken 6 | 1 1 1 1 1 1 . . Scrap Searched 1 | . . . . 1 . . . Spaces Dug . | . . . . . . . . Terrain Destroyed 77 | . . . . . 36 . 41 Melee . | . . . . . . . . Projectile 8 | . . . . . 8 . . AOE 69 | . . . . . 28 . 41 Terrain Rammed . | . . . . . . . . Walls Destroyed . | . . . . . . . . Machines Disabled . | . . . . . . . . Actions | -11 -10 -10 -10 -9 -8 -7 -7 --------- Run | Yrd Mat Min Exi Min Mat Fac DSF Total 1814 | 62 387 20 283 273 504 125 160 Wait 65 | . 5 . . 14 46 . . Move 1525 | 38 331 20 269 252 370 123 122 Hop . | . . . . . . . . Pick Up 42 | 10 7 . 3 . 15 . 7 Fast Attach 6 | . . . 3 . 1 . 2 Attach 29 | 6 1 . 1 1 8 2 10 Detach 2 | . . . 2 . . . . Swap 11 | . 3 . 1 . 6 . 1 Drop 18 | . 3 . 4 . 6 . 5 Fire 110 | 8 36 . . 6 52 . 8 Melee 1 | . 1 . . . . . . Ram . | . . . . . . . . Kick . | . . . . . . . . Crush . | . . . . . . . . Escape Stasis 5 | . . . . . . . 5 Rewire . | . . . . . . . . Trap . | . . . . . . . . Miscellaneous . | . . . . . . . . Route ------- -11/Scrapyard -10/Materials (discovered 3 exits: [*Mat x2] / [*Min]) -10/Mines -10/Exiles -9/Mines -8/Materials -7/Factory (discovered 4 exits: Sto / Low x2 / DSF) -7/DSF (discovered 1 exit: [*Fac]) History --------- Turn | Location | Event 27 | -11/Scrapyard | Discovered new exit (range 14) 73 | -11/Scrapyard | Entered Materials 217 | -10/Materials | Destroyed 7 combat bots 219 | -10/Materials | Discovered new exit (range 8) 303 | -10/Materials | Discovered new exit (range 14) 308 | -10/Materials | Build established: Mutant 474 | -10/Materials | Discovered new exit (range 15) 488 | -10/Materials | Entered Mines 503 | -10/Mines | Deemed a non-threat by the Exiles lab entrance 503 | -10/Mines | Discovered new exit (range 5) 507 | -10/Mines | Entered Exiles 529 | -10/Exiles | Met 8R-AWN 545 | -10/Exiles | Met EX-HEX 569 | -10/Exiles | Met EX-BIN 580 | -10/Exiles | Aligned with FarCom system 580 | -10/Exiles | Given EX-Vault access code 602 | -10/Exiles | Opened EX-Vault 608 | -10/Exiles | Found Prototype Device 608 | -10/Exiles | Identified Chronowheel 608 | -10/Exiles | Activated Chronowheel 608 | -10/Exiles | Spacetime reconverged on an earlier point 613 | -10/Exiles | Found Prototype Energy Cannon 615 | -10/Exiles | Identified Firepult 639 | -10/Exiles | Warned to stay clear of 0b10 Research branches 665 | -10/Exiles | Met EX-DEC 761 | -10/Exiles | Discovered new exit (range 10) 772 | -10/Exiles | Left Exiles lab with Firepult 772 | -10/Exiles | Entered Mines 833 | -9/Mines | Learned location of 1 exit from Proximity Caves 1050 | -9/Mines | Discovered new exit (range 14) 1070 | -9/Mines | Entered Materials 1070 | -8/Materials | Accompanied by 2 allies 1070 | -8/Materials | Evolved 4 slots: Utility x3, Weapon x1 1075 | -8/Materials | Led the pair of lost Derelicts to an unsafe place 1529 | -8/Materials | Discovered new exit (range 16) 1723 | -8/Materials | Entered Factory 1723 | -7/Factory | Evolved 2 slots: Utility x2 1786 | -7/Factory | Build established: Skirmisher 1830 | -7/Factory | Identified exit to Storage 1830 | -7/Factory | Identified exit to Lower Caves 1867 | -7/Factory | Identified exit to DSF 1867 | -7/Factory | Entered DSF 1920 | -7/DSF | Additional patrols routed to DSF 2031 | -7/DSF | Core integrity fell below 50% 2039 | -7/DSF | Discovered new exit (range 13) 2040 | -7/DSF | Core integrity fell below 20% 2053 | -7/DSF | Destroyed by X-62 Marksman with Gauss Rifle Last Messages --------------- Lgt. Nuclear Core destroyed. Critical hit (Burn: +37). Extracted 16 energy. Imp. Sensor Array destroyed. Wheel destroyed. Terrain Scanner destroyed. Dropped Grenade Launcher. Dropped Lrg. Storage Unit. Com. Wheel destroyed. Acquired Com. Wheel. Penetrated by Slug. EXIT=FOUND Dropped Lrg. Matter Pod. Com. Wheel destroyed. Extracted 150 matter. Acquired Cesium-ion Thruster. Slug penetrates Wall. Cesium-ion Thruster destroyed. Acquired Cesium-ion Thruster. Penetrated by Slug. Map ----- +----------------------------------------------------+ | | | | | | | | | ??????????????????????????????????? | | ????????????????????#?????????????? | | ??????????????????????????????????? | | ??????????????????????????????????? | | ???????????????????#??????#???????# | | ?????????????????????????#???????#? | | ????????????#???????#########?#???? | | ?????????""?????##??#!!!!! ####### | | ????????""""##!!#!!!#!!!!! #[[[#[[ | | ????????"< | | ????????" | | ????????" ????#!!!### ]### #[[ | | ????????# #?????????## #?# #[[ | | ????????# ##????????!! !?####### | | ????????! !????????#!! !???????? | | ????????! !????????#!! !!??????? | | ???????## ###??????### "##?????? | | ???????# !!#??????#]] !!#?????? | | ???????# !!???????#]] !!??????? | | ???????# !???#?#???]] !!??#???? | | ??????### ############ ######### | | ??????# @## ==#!!!### ###===# | | ??????# ##ss #!!!##^ ##===# | | ??????#== s | | ??????#== ^^ % % | | ??????# = x % %% | | ??????#[[ ## #===##^ ##!!!#[[ | | ??????#[[ ## #===### % ""#!!!#[[ | | ??????### ############ ######### | | ???????#/% [[#??#???#!! % /#?????? | | ???????#/ [[#?#????#!!H %//#???#?? | | ???????#/ ][[#?????##!! //#?????? | | ???#???## !###??????### ##?????? | | ???????# #??????#[[ !##????? | | ???????# #??????#[[ !!#????#? | | ???????## ######### [[ !!#?????? | | ??????### ###]]# #?????? | | ????###"" ##]]" [ #????? | | ????""""" ! % % % ?????? | | ?#??"##""%%! ^ % ?????? | | ??????#"%"%"#"] " ! ! ???#?? | | ??#???#"""""######## ! ! ?????? | | ??#???####"##???????### #?????? | | ?#???????#"#???????#??????????????? | | ?????????""#??#???????????#???????? | | ?????????##???????????????????????? | +----------------------------------------------------+ Best States ------------- Heat Dissipation 48 Energy Generation 14 Energy Capacity 250 Matter Stores 300 Matter Capacity 300 Sight Range 16 Robot Scan Range 15 Terrain Scan Range 14 Terrain Scan Density 85 Armor Coverage 375 Utility Shielding 66 Evasion (%) 50 Offensive Hacking 10 Item Schematics ----------------- None Robot Schematics ------------------ None Fabricated ------------ Nothing Alien Tech Used ----------------- None Achievements -------------- None Challenges ------------ None Game ------ Seed VariableLatentPropulsion Manual? 0 Play Time 00:24:48 Cumulative 56.0 hours Start 2024.04.22 @ 12:37:32 End 2024.04.22 @ 13:02:52 Sessions 1 Manual Loads 0 Difficulty Rogue Special Mode None Game No. 63 Rogue 54 Adventurer 9 Explorer 0 Win Type - Total 0 Types 0/0/0/0/0/0/0/0/0 Lore% 32 Gallery% 48 Achievement% 37 Wizard Run 0 Options --------- Layout 1 ASCII 0 Keyboard 0 Movement Numpad Keybinds 0 Fullscreen 1 Font 24/Smallcaps Map View 50x35 Zoom Use 0% Tactical HUD 0 Map Filters NONE Filters NONE Steam 1 RUN: 8c472ef6-87fb-4876-8e32-1b9c86e3d00e